 Dungeon Crawl Stone Soup version 0.14-a0-1403-g5d3c58f (webtiles) character file.

1559 PolkaDot the Slicer (level 8, 0/60 HPs)
             Began as a Vampire Death Knight on Dec 10, 2013.
             Was a Priest of Yredelemnul.
             Killed by divine providence
             ... invoked by an orc priest
              (13 damage)
             ... on Level 6 of the Dungeon.
             The game lasted 00:24:58 (5014 turns).

PolkaDot the Slicer (Vampire Death Knight)          Turns: 5014, Time: 00:24:59

HP   0/60        AC  5     Str 12      XL: 8   Next: 39%
MP   9/10        EV 13     Int 11 (13) God: Yredelemnul [***...]
Gold 185         SH  0     Dex 15      Spells:  2 memorised,  3 levels left

rFire  . . .     SeeInvis +     c - +0,+1 dwarf cutlass
rCold  . . .     Clarity  .     b - +1 leather armour
rNeg   + . .     Conserve .     (no shield)
rPois  .         rCorr    .     (no helmet)
rElec  .         rRot     .     (no cloak)
SustAb . .       Spirit   .     q - +0 pair of gloves
rMut   .         Warding  .     (no boots)
Saprov . . .     Stasis   .     (no amulet)
                                (no ring)
                                g - ring of regeneration

@: somewhat resistant to hostile enchantments, unstealthy
A: bottle blood, fangs 3, see invisible, unbreathing
a: Bat Form, Bottle Blood, Animate Dead, Recall Undead Slaves, Injury Mirror,
Renounce Religion


You were on level 6 of the Dungeon.
You worshipped Yredelemnul.
Yredelemnul was most pleased with you.
You were not thirsty.

You visited 1 branch of the dungeon, and saw 6 of its levels.
You also visited: Sewer.

You collected 185 gold pieces.

Inventory:

Hand weapons
 c - a +0,+1 dwarven cutlass (weapon)
Armour
 b - a +1 leather armour (worn)
 q - a +0 pair of gloves (worn)
Magical devices
 f - a wand of digging (5)
 m - a wand of teleportation (3)
 s - a wand of hasting (4)
 x - a wand of magic darts (11)
Scrolls
 e - a scroll of recharging {unknown}
 h - a scroll of enchant armour
 k - 2 scrolls of teleportation
 l - 5 scrolls of remove curse {unknown}
 n - a scroll of noise {unknown}
Jewellery
 g - a ring of regeneration (left hand)
 o - an uncursed amulet of stasis
Potions
 d - 3 potions of restore abilities
 i - a potion of lignification
 j - 5 potions of flight
 p - a potion of heal wounds
 r - a potion of beneficial mutation
Books
 a - a book of Minor Magic

   Spells                             Type                      Level
   Magic Dart                         Conjuration                  1
   *Blink                             Translocation                2
   Call Imp                           Summoning                    2
   *Repel Missiles                    Charms/Air                   2
   Slow                               Hexes                        2
   Conjure Flame                      Conjuration/Fire             3
   Mephitic Cloud                     Conjuration/Poison/Air       3


   Skills:
 - Level 4.0 Fighting
 * Level 9.7 Short Blades
 - Level 0.7 Armour
 + Level 4.3 Dodging
 - Level 2.4 Invocations


You had 3 spell levels left.
You knew the following spells:

 Your Spells              Type           Power        Failure   Level  Hunger
q - Blink                 Tloc           N/A          56%         2    ###....
D - Repel Missiles        Chrm/Air       #.........   56%         2    ###....


Dungeon Overview and Level Annotations

Branches:
Dungeon (6/16)             Temple (0/1) D:5

Altars:
Makhleb

Shops:
D:5 (

Portals:
Ziggurat: D:3 (3070 gp)

Annotations:
D:5 Edmund


Innate Abilities, Weirdness & Mutations

You can bottle blood from corpses.
You have razor-sharp teeth.*
You have supernaturally acute eyesight.
You can survive without breathing.*


Message History

The orc priest calls down the wrath of Beogh upon you.
Something smites you!
* * * LOW HITPOINT WARNING * * *
The orc barely misses your kobold zombie.
The orc priest hits your kobold zombie.
You closely miss the orc wizard. Your bite misses the orc wizard.
The orc wizard is almost dead.
Your kobold zombie hits the orc wizard with a dagger.
Your scorpion zombie barely misses the orc wizard.
Your kobold zombie barely misses the orc.
Your mummy barely misses the orc wizard.
You completely miss the orc wizard.
The orc wizard is almost dead.
The orc wizard points at you and mumbles some strange words.
The magic dart hits you!
* * * LOW HITPOINT WARNING * * *
The orc priest mumbles some strange prayers to Beogh against you.
Something smites you!
You die...
Yredelemnul claims you as an undead slave.

#..# #...# #..# #.z.#
#..# #z..# #..# #...#
#..# #z..# #..# #...#
.########.(# #...#
.....oo.zoz.####...#####.
....o5oz@Mz..............
#########################


You could see 3 orc priests, an orc wizard, a crimson imp, an orc, a friendly
mummy, 2 friendly scorpion zombies and 2 friendly kobold zombies.

Vanquished Creatures
  Grinder (D:3)
  2 ogres (D:5)
  A big kobold (Sewer)
  A crimson imp (D:5)
  A hound (D:4)
  3 orc priests
  A big fish (Sewer)
  5 orc wizards
  2 scorpions (D:6)
  2 iguanas
  A hound skeleton (D:6)
  5 gnolls
  A worm zombie (D:6)
  6 adders
  A green rat (D:5)
  4 worms
  4 grey rats
  2 giant geckos (D:2)
  13 orcs
  3 ball pythons
  A giant cockroach (D:2)
  18 goblins
  8 hobgoblins
  10 jackals
  13 kobolds
  2 quokkas
  16 bats
  A giant gecko zombie (D:5)
  4 giant newts
  A goblin skeleton (D:5)
  A quokka skeleton (D:3)
  A quokka zombie (D:3)
  14 rats
  A ballistomycete (D:6)
150 creatures vanquished.

Vanquished Creatures (collateral kills)
  Blork the orc (D:5)
  An iguana (D:6)
  An ogre zombie (D:5)
  A hound skeleton (D:5)
  3 gnolls
  3 adders
  A giant gecko (D:3)
  3 orcs
  A goblin (D:6)
  A hobgoblin (D:3)
  A bat (D:4)
  4 jackals
  2 kobolds
  A rat (D:5)
24 creatures vanquished.

Vanquished Creatures (others)
  An iguana zombie (D:5)
  2 adder zombies (D:5)
  A bat skeleton (D:6)
  A bat zombie (D:2)
  3 gnoll zombies (D:5)
  A giant cockroach zombie (D:2)
  A giant spore (D:6)
  2 goblin zombies
  3 jackal skeletons (D:5)
  2 jackal zombies (D:5)
  3 kobold zombies
  5 orc zombies
  A quokka zombie (D:5)
  4 rat zombies
30 creatures vanquished.

Grand Total: 204 creatures vanquished

Notes
Turn   | Place    | Note
--------------------------------------------------------------
     0 | D:1      | PolkaDot, the Vampire Death Knight, began the quest for the Orb.
     0 | D:1      | Reached XP level 1. HP: 16/16 MP: 1/1
   106 | D:1      | Reached XP level 2. HP: 16/22 MP: 2/2
   344 | D:1      | Reached skill level 3 in Short Blades
   556 | D:2      | Found a burning altar of Makhleb.
   558 | D:2      | Noticed an Executioner
   711 | D:2      | Reached XP level 3. HP: 15/28 MP: 2/4
   756 | D:2      | Acquired Yredelemnul's second power
  1411 | D:2      | Reached skill level 4 in Short Blades
  1718 | D:3      | Reached XP level 4. HP: 31/34 MP: 5/5
  2018 | D:3      | Noticed Grinder
  2110 | D:3      | Killed Grinder
  2110 | D:3      | Reached skill level 6 in Short Blades
  2110 | D:3      | Reached XP level 5. HP: 20/42 MP: 6/6
  2110 | D:3      | Reached XP level 6. HP: 22/48 MP: 8/8
  2286 | D:3      | Found a gateway to a ziggurat.
  2286 | D:3      | Noticed an angel
  2886 | D:4      | Reached skill level 7 in Short Blades
  2886 | D:4      | Reached XP level 7. HP: 11/54 MP: 9/9
  3306 | D:4      | Acquired Yredelemnul's third power
  3754 | D:5      | Entered Level 5 of the Dungeon
  3795 | D:5      | Found a staircase to the Ecumenical Temple.
  3796 | D:5      | Noticed Blork the orc
  3816 | D:5      | Killed Blork the orc
  3839 | D:5      | Learned a level 2 spell: Blink
  3842 | D:5      | Learned a level 2 spell: Repel Missiles
  3861 | D:5      | Found Samu's Antique Weapon Boutique.
  3952 | D:5      | Noticed Edmund
  3973 | D:5      | Your ally Blork died
  4320 | D:5      | Found a glowing drain.
  4357 | Sewer    | Entered a sewer
  4438 | Sewer    | Reached skill level 8 in Short Blades
  4484 | Sewer    | Found a white marble altar of Elyvilon.
  4609 | D:5      | Reached XP level 8. HP: 30/60 MP: 10/10
  4629 | D:5      | Reached skill level 9 in Short Blades
  4629 | D:5      | Received a gift from Yredelemnul
  5014 | D:6      | Killed from afar by an orc priest

Action                   |  1- 3 |  4- 6 |  7- 9 || total
-------------------------+-------+-------+-------++-------
Melee: Short sword       |   139 |   227 |    18 ||   384
       Cutlass           |       |       |   301 ||   301
Invok: Animate Remains   |     7 |    17 |     4 ||    28
       Animate Dead      |       |       |    12 ||    12
       Injury Mirror     |       |       |     1 ||     1
       Recall Undead Sla |       |       |     2 ||     2
Evoke: Wand              |       |       |     3 ||     3
  Use: Scroll            |     7 |       |     5 ||    12
       Potion            |     1 |     7 |     8 ||    16
 Stab: Sleeping          |     1 |       |       ||     1
       Invisible         |       |     1 |     4 ||     5
       Distracted        |       |     1 |     1 ||     2
